Map: Forteresse de fer EC

Players

AgCl

  • Race: Protoss Protoss

AngelOfDeath - Winner!

  • Race: Zerg Zerg

VOD

Have the link to the VOD?

Description

Time

  • Played on: May 10, 2015, 4:46 a.m.
  • Length: 7:55
Show
View Real Time Build Order
Export as new Build Order

AgCl Protoss 

Build Orders: Oracle Opening, Oracle Opening, Carrier Rush 

Get SALT Encoding   

  12  0:02  Probe  
  13  0:14  Pylon  
  13  0:34  Gateway  
  13  0:36  Assimilator  
  13  0:37  Probe  
  14  0:49  Probe  
  15  1:01  Probe  
  16  1:13  Pylon  
  16  1:14  Probe (Chrono Boost)  
  17  1:24  Probe (Chrono Boost)  
  17  1:25  Cybernetics Core  
  18  1:31  Probe, Assimilator  
  19  1:43  Probe (Chrono Boost)  
  21  1:55  Probe (Chrono Boost)  
  24  2:01  Probe (Chrono Boost), Adept (Chrono Boost)  
  24  2:03  Warp Gate  
  24  2:12  Probe  
  25  2:17  Stargate  
  25  2:24  Probe (Chrono Boost)  
  26  2:36  Probe (Chrono Boost)  
  27  2:43  Probe (Chrono Boost)  
  28  2:53  Mothership Core  
  30  3:03  Nexus  
  28  3:26  Pylon  
  28  3:27  Probe  
  28  3:33  Pylon  
  29  3:42  Pylon  
  29  3:44  Oracle (Chrono Boost)  
  32  3:53  Probe, Fleet Beacon  
  33  4:04  Gateway  
  33  4:05  Probe  
  34  4:10  Adept  
  36  4:18  Probe (Chrono Boost)  
  36  4:21  Gateway  
  36  4:22  Probe (Chrono Boost)  
  38  4:29  Probe (Chrono Boost)  
  40  4:33  Probe (Chrono Boost)  
  40  4:35  Pylon  
  41  4:40  Probe (Chrono Boost)  
  41  4:43  Probe (Chrono Boost)  
  42  4:47  Carrier (Chrono Boost)  
  42  4:50  Probe (Chrono Boost)  
  44  4:53  Assimilator  
  44  4:55  Probe (Chrono Boost)  
  44  4:57  Assimilator  
  44  4:58  Probe (Chrono Boost)  
  42  5:04  Probe x2 (Chrono Boost)  
  51  5:15  Probe (Chrono Boost)  
  51  5:16  Probe (Chrono Boost)  
  52  5:27  Probe (Chrono Boost)  
  54  5:31  Probe (Chrono Boost)  
  54  5:34  Probe (Chrono Boost), Graviton Catapult  
  55  5:40  Protoss Air Weapons Level 1 (Chrono Boost)  
  55  5:42  Probe, Carrier (Chrono Boost)  
  57  5:50  Pylon  
  57  5:54  Probe  
  57  5:56  Probe  
  64  6:06  Probe  
  64  6:09  Gateway  
  66  6:14  Forge  
  66  6:18  Probe  
  66  6:26  Gateway  
  66  6:30  Gateway  
  66  6:32  Probe, Carrier (Chrono Boost)  
  67  6:38  Gateway  
  67  6:42  Gateway  
  67  6:53  Pylon  
  73  7:17  Pylon  
  73  7:25  Gateway  
  73  7:26  Gateway, Pylon  
  73  7:35  Adept  
  73  7:36  Stalker, Adept x3  
Show
View Real Time Build Order
Export as new Build Order

AngelOfDeath Zerg - Winner!

Build Orders: Hatch First 

Get SALT Encoding   

  12  0:08  Overlord  
  12  0:13  Drone  
  13  0:18  Drone  
  14  0:28  Drone  
  14  0:31  Drone  
  16  0:41  Drone  
  17  0:56  Drone  
  18  0:59  Hatchery  
  17  1:06  Extractor  
  16  1:12  Spawning Pool  
  16  1:18  Drone  
  16  1:20  Drone  
  16  1:24  Drone  
  18  1:35  Drone  
  19  1:46  Overlord  
  19  1:59  Queen  
  21  2:04  Zergling x2  
  21  2:05  Metabolic Boost  
  22  2:08  Drone  
  22  2:10  Queen  
  25  2:15  Drone  
  25  2:19  Drone  
  27  2:33  Drone x3  
  30  2:44  Drone  
  31  2:45  Drone  
  31  2:50  Hatchery  
  29  3:07  Zergling x4  
  30  3:17  Drone x3  
  32  3:20  Overlord  
  32  3:22  Zergling x2  
  33  3:28  Queen  
  33  3:31  Overlord x2  
  35  3:43  Drone x4  
  35  3:44  Drone x2  
  35  3:48  Lair  
  41  4:13  Drone x3  
  41  4:14  Drone x6  
  48  4:23  Spore Crawler  
  47  4:24  Spore Crawler  
  47  4:25  Queen  
  47  4:26  Overlord  
  47  4:29  Spore Crawler  
  47  4:30  Drone x3  
  50  4:47  Queen  
  50  4:49  Drone  
  50  4:50  Drone  
  54  5:00  Drone  
  54  5:01  Drone x11, Extractor  
  54  5:02  Extractor  
  54  5:04  Extractor  
  54  5:05  Extractor  
  62  5:09  Extractor  
  62  5:10  Drone x2  
  62  5:11  Drone  
  64  5:28  Drone  
  64  5:44  Roach Warren  
  64  5:45  Drone x2, Spire  
  64  5:46  Drone x9  
  73  5:50  Hydralisk Den  
  73  5:51  Drone  
  73  5:57  Overlord x3  
  73  5:58  Overlord x2  
  73  6:13  Lurker Den  
  73  6:28  Glial Reconstitution  
  73  6:29  Roach x3  
  73  6:30  Roach x9  
  73  6:31  Roach  
  99  6:43  Drone x5  
  99  6:45  Hydralisk  
  99  6:46  Hydralisk x3  
  112  6:48  Overlord  
  112  6:50  Overlord  
  110  7:07  Hydralisk x3  
  110  7:08  Hydralisk x5  
  124  7:27  Hydralisk  
  124  7:28  Overlord  
  124  7:29  Overlord x3  
  126  7:30  Hydralisk  
Tags
 
Add a new tag
Caveats
  • Supply blocks, unpowered buildings, or Contaminate may cause inaccurate times.
  • Supply counts are checked every 10 seconds.